Map: Stasis LE

Players

CFAJAuPOLSKA

  • Race: Zerg Zerg
  • League: Platinum
  • Spawn Location: 1:00

Yocto - Winner!

  • Race: Zerg Zerg
  • League: Gold
  • Spawn Location: 11:00

VOD

Have the link to the VOD?

Description

Time

  • Played on: Dec. 21, 2018, 8:29 a.m.
  • Length: 13:19
Show
View Real Time Build Order
Export as new Build Order

CFAJAuPOLSKA Zerg 

Build Orders: Hatch First, Zergling Baneling 

Get SALT Encoding   

  12  0:02  Drone  
  13  0:12  Drone  
  14  0:21  Extractor  
  13  0:24  Extractor, Drone x2  
  16  0:33  Overlord  
  16  0:58  Drone  
  16  1:00  Drone  
  16  1:02  Hatchery  
  16  1:03  Drone  
  18  1:20  Spawning Pool  
  18  1:23  Extractor  
  18  1:24  Drone  
  17  1:26  Drone  
  19  1:32  Drone  
  19  1:48  Overlord  
  19  2:08  Queen  
  21  2:14  Queen  
  23  2:18  Zergling x8  
  27  2:22  Metabolic Boost  
  27  2:29  Zergling x2  
  28  2:39  Zergling x4  
  30  2:44  Baneling Nest  
  30  2:45  Drone  
  30  3:00  Zergling x6  
  30  3:05  Zergling x2  
  34  3:22  Zergling x2  
  34  3:23  Zergling x2  
  34  3:24  Overlord x2  
  36  3:42  Zergling x2  
  36  3:43  Zergling x10  
  42  4:00  Zergling x10  
  42  4:01  Zergling x4  
  50  4:02  Zergling x2  
  50  4:13  Baneling x3  
  50  4:14  Baneling x4  
  50  4:16  Baneling  
  26  4:57  Zergling x2  
  26  4:58  Zergling x10  
  29  5:10  Zergling x4  
  31  5:21  Zergling x4  
  33  5:37  Baneling x6  
  33  5:38  Baneling x5  
  34  5:42  Zergling x2  
  34  5:43  Zergling x10  
  34  5:44  Zergling x4  
  40  5:58  Zergling x4  
  42  6:10  Zergling x6  
  26  6:49  Drone  
  26  6:50  Drone x6  
  26  6:51  Drone x3  
  34  7:00  Extractor  
  32  7:12  Spine Crawler  
  32  7:13  Zergling x8  
  35  7:18  Zergling x4  
  37  7:24  Extractor  
  37  7:28  Zergling x8  
  37  7:29  Extractor, Zergling x4  
  41  7:42  Baneling x7  
  41  7:43  Baneling x5  
  41  7:50  Spine Crawler  
  40  7:55  Lair  
  40  8:07  Drone x4  
  44  8:25  Drone  
  44  8:26  Drone x5  
  50  8:38  Drone x2  
  52  8:46  Overlord x3  
  52  8:51  Overlord  
  52  9:08  Hatchery  
  51  9:10  Drone x3  
  54  9:18  Drone x2  
  54  9:19  Drone x2  
  58  9:39  Spore Crawler  
  57  9:46  Spore Crawler  
  57  9:48  Hydralisk Den  
  57  9:49  Spore Crawler  
  57  9:50  Drone x4  
  57  9:51  Drone  
  59  10:17  Spore Crawler  
  59  10:19  Spore Crawler  
  59  10:20  Spore Crawler  
  56  10:22  Spore Crawler, Grooved Spines  
  56  10:23  Spore Crawler  
  54  10:43  Hydralisk x2  
  54  10:44  Hydralisk x5  
  54  10:46  Spore Crawler  
  54  10:47  Hydralisk  
  69  10:50  Spine Crawler  
  69  10:52  Hydralisk  
  69  10:55  Hydralisk  
  72  11:25  Hydralisk x2  
  72  11:26  Hydralisk x4  
  72  11:27  Hydralisk  
  72  11:29  Zergling x2  
  87  11:34  Muscular Augments  
  87  11:41  Drone x3  
  90  11:47  Centrifical Hooks  
  90  11:52  Overlord  
  90  11:53  Overlord  
  90  12:12  Hydralisk x3  
  90  12:13  Hydralisk x2  
  90  12:43  Hydralisk  
  90  12:44  Hydralisk x6  
  89  12:46  Overlord  
Show
View Real Time Build Order
Export as new Build Order

Yocto Zerg - Winner!

Build Orders: Hatch First 

Get SALT Encoding   

  12  0:01  Drone  
  13  0:16  Overlord  
  13  0:19  Drone  
  14  0:35  Drone x2  
  16  0:38  Drone  
  17  0:58  Hatchery  
  17  1:03  Drone  
  17  1:18  Extractor  
  16  1:26  Drone  
  16  1:30  Drone x2  
  16  1:31  Spawning Pool  
  18  1:42  Drone  
  19  1:51  Overlord  
  19  1:59  Drone  
  20  2:22  Queen  
  20  2:24  Metabolic Boost  
  20  2:26  Queen  
  20  2:28  Drone x2  
  20  2:29  Zergling x2  
  27  2:30  Zergling x2  
  27  2:33  Drone  
  27  2:35  Drone  
  30  2:42  Drone  
  31  2:50  Zergling x2  
  32  2:58  Drone  
  32  2:59  Drone  
  32  3:00  Lair  
  34  3:10  Overlord  
  34  3:12  Drone  
  35  3:28  Queen  
  35  3:30  Drone x2  
  35  3:31  Extractor, Drone  
  35  3:33  Drone  
  40  3:39  Drone x2  
  42  3:44  Baneling Nest, Drone x3  
  43  3:58  Zergling x2  
  43  4:00  Overlord x2  
  44  4:07  Spine Crawler x2  
  42  4:11  Zergling x4  
  44  4:19  Queen  
  44  4:22  Zergling x12  
  52  4:31  Zergling x4  
  54  4:33  Baneling x2  
  54  4:39  Spire  
  54  4:42  Zergling x2  
  54  4:43  Zergling x4  
  54  4:44  Zergling x2  
  46  4:49  Zergling x4  
  40  5:00  Zergling x4  
  40  5:03  Baneling  
  40  5:04  Baneling  
  40  5:05  Baneling x2  
  42  5:07  Extractor  
  42  5:08  Drone  
  42  5:09  Extractor, Drone  
  42  5:13  Queen  
  44  5:19  Drone x2  
  46  5:33  Zergling x2  
  46  5:34  Zergling x8  
  51  5:37  Baneling x2  
  51  5:41  Baneling  
  51  5:44  Zergling x2  
  52  5:50  Spine Crawler  
  52  5:53  Spine Crawler  
  50  6:02  Drone x2  
  52  6:06  Overlord x4  
  52  6:15  Baneling x4  
  51  6:25  Zergling x8  
  44  6:30  Zergling x6  
  44  6:31  Zergling x4  
  36  6:40  Zergling x4  
  36  6:56  Mutalisk x4  
  36  6:59  Baneling  
  36  7:00  Baneling x3  
  44  7:12  Drone x2  
  46  7:18  Queen  
  48  7:26  Drone x4  
  52  7:34  Queen  
  54  7:42  Drone x4  
  58  7:51  Drone x2  
  60  8:20  Drone x5  
  65  8:30  Drone x4  
  69  8:40  Hatchery  
  68  8:50  Drone  
  68  8:51  Drone x6  
  75  9:22  Roach Warren  
  74  9:29  Drone  
  74  9:30  Evolution Chamber  
  74  9:32  Evolution Chamber  
  74  9:35  Drone x7  
  74  9:36  Drone x2  
  82  9:45  Overlord  
  82  9:46  Overlord x3  
  82  10:19  Queen  
  82  10:20  Extractor  
  82  10:21  Extractor, Drone x3  
  84  10:24  Glial Reconstitution  
  84  10:27  Zerg Ground Armor Level 1  
  84  10:28  Zerg Missile Weapons Level 1  
  85  10:44  Roach x6  
  85  10:45  Roach x7  
  107  11:10  Roach x4  
  113  11:18  Overlord x2  
  113  11:19  Overlord x4  
  113  11:33  Extractor  
  113  11:34  Roach  
  113  11:35  Overlord x3, Hatchery  
  113  11:36  Extractor  
  112  11:47  Roach x5  
  121  12:06  Roach x7  
  121  12:07  Roach  
  137  12:20  Roach x5  
  137  12:21  Roach x2  
  146  12:36  Roach x3  
  146  12:37  Roach x2  
  155  12:43  Roach x3  
  159  12:45  Ravager x5  
  159  12:46  Ravager x5  
  159  12:47  Ravager x2  
  159  12:49  Roach x3  
  177  12:53  Roach  
Tags
 
Matchup
ZvZ
Race
Zerg
Replay Pack
Yocto
Spawn Locations
Close Positions
Add a new tag
Caveats
  • Supply blocks, unpowered buildings, or Contaminate may cause inaccurate times.
  • Supply counts are checked every 10 seconds.